 Dungeon Crawl Stone Soup version 0.26.0-18-gc5c842f807 (webtiles) character file.

Game seed: 13563551885796647580

17026 112233 the Unseen (level 12, -12/85 HPs)
             Began as an Octopode Fighter on Jan 22, 2021.
             Was an Initiate of Gozag.
             Mangled by a reaper
             ... wielding a +3 scythe of freezing
              (18 damage)
             ... in an ice cave.
             The game lasted 00:17:20 (16765 turns).

112233 the Unseen (Octopode Fighter)               Turns: 16765, Time: 00:17:21

Health: -12/85     AC: -1    Str: 16    XL:     12   Next: 43%
Magic:  0/21       EV: 18    Int: 11    God:    Gozag
Gold:   1160       SH: 11    Dex: 15    Spells: 11/11 levels left

rFire    . . .     SeeInvis .   q - +3 dagger (drain)
rCold    . . .     Faith    .   b - +0 kite shield
rNeg     + + +     Spirit   +   S - +2 hat "Icwom" {*Corrode rElec rN+++ MP+9}
rPois    .         Reflect  .   t - amulet of guardian spirit
rElec    +         Harm     .   h - ring of resist corrosion
rCorr    +         Rampage  .   (no ring)
Will     +....                  g - ring of willpower
Stlth    +++++++...             (no ring)
HPRegen  0.24/turn              (no ring)
MPRegen  0.17/turn              (no ring)
                                (no ring)
                                (no ring)

@: corroded, hasted, very quick
A: almost no armour, stealthy swim, amphibious, 8 rings, constrict 8, camouflage
1, gelatinous body 1
a: Renounce Religion, Potion Petition, Call Merchant, Bribe Branch


You were in an ice cave.
You worshipped Gozag.
Gozag was most pleased with you.
You visited 3 branches of the dungeon, and saw 13 of its levels.
You also visited: Ice Cave.

You collected 2650 gold pieces.
You spent 532 gold pieces at shops.
You paid 958 gold pieces to Gozag.

Inventory:

Hand Weapons
 a - a +0 rapier
 q - a +3 dagger of draining (weapon)
Missiles
 F - 25 poisoned darts (quivered)
 P - 7 curare-tipped darts
Armour
 b - a +0 kite shield (worn)
 w - a +0 hat
 S - the +2 hat "Icwom" (worn) {*Corrode rElec rN+++ MP+9}
   (You found it in an ice cave)

   It insulates you from electricity.
   It renders you almost immune to negative energy.
   It affects your magic capacity (+9).
   It may corrode you when you take damage.
Jewellery
 g - a ring of willpower (on tentacle)
 h - a ring of resist corrosion (left tentacle)
 t - an amulet of guardian spirit (around mantle)
Wands
 r - a wand of flame (18)
 y - a wand of iceblast (22)
 I - a wand of polymorph (7)
 J - a wand of digging (13)
 R - a wand of random effects (25)
Scrolls
 d - a scroll of blinking
 i - 7 scrolls of teleportation {@r3}
 j - 2 scrolls of fear
 l - 7 scrolls of remove curse {@r2}
 u - a scroll of acquirement {unknown}
 v - a scroll of torment {unknown}
 x - a scroll of magic mapping
 A - 2 scrolls of immolation
 B - 2 scrolls of noise
 C - a scroll of enchant armour {unknown}
 E - 4 scrolls of amnesia
 M - a scroll of random uselessness
 O - a scroll of fog {unknown}
 Q - a scroll of enchant weapon {unknown}
Potions
 e - 2 potions of brilliance {unknown}
 k - 3 potions of lignification {unknown}
 m - 4 potions of flight
 n - 3 potions of invisibility {unknown}
 p - 3 potions of attraction {unknown}
 s - a potion of mutation {unknown}
 z - 8 potions of curing {@q1}
 D - 3 potions of degeneration {unknown}
 G - a potion of ambrosia {unknown}
 H - 2 potions of cancellation {unknown}
 K - 2 potions of haste
 N - a potion of berserk rage {unknown}
Miscellaneous
 L - a condenser vane (inert)


   Skills:
 + Level 9.1 Fighting
 + Level 8.7 Short Blades
 + Level 9.0 Dodging
 * Level 15.0 Stealth
 + Level 9.0 Shields


You had 11 spell levels left.
You didn't know any spells.
Your spell library contained the following spells:

 Spells                   Type           Power        Failure   Level
 Freeze                   Ice            0%           58%         1
 Cause Fear               Hex            0%           100%        4
 Silence                  Hex/Air        0%           100%        5
 Yara's Violent Unravell  Hex/Tmut       0%           100%        5
 Discord                  Hex            0%           100%        8


Dungeon Overview and Level Annotations

Branches:
Dungeon (11/15)            Temple (1/1) D:6            Lair (1/6) D:10
    Orc (0/2) D:9           IceCv (1/1)

Altars:
Ashenzari
Cheibriados
Elyvilon
Fedhas
Gozag
Hepliaklqana
Nemelex Xobeh
Qazlal
Ru
Sif Muna
Trog
Vehumet
Wu Jian
Xom
Yredelemnul
Zin
The Shining One

Shops:
D:5 }   D:9 !


Innate Abilities, Weirdness & Mutations

You cannot wear most types of armour.
You are very stealthy in the water. (Stealth+)
You are amphibious.
You can wear up to eight rings at the same time.
You can use your tentacles to constrict eight enemies at once.
Your skin changes colour to match your surroundings (Stealth+).
Your rubbery body absorbs attacks. (AC +1, EV +1)


Message History

You constrict the reaper, but do no damage.
You barely miss the reaper. You constrict the reaper.
The reaper hits you with a +3 scythe of freezing!!
The reaper freezes you!
You hit the reaper but do no damage.
You squeeze the reaper, but do no damage.
You constrict the reaper, but do no damage.
The white imp gestures at you. The puff of frost hits you!
Your corrosive artefact corrodes you!
You hit the reaper but do no damage. You constrict the reaper.
Unknown command.
You hit the reaper but do no damage. You constrict the reaper.
You hit the reaper but do no damage.
You squeeze the reaper, but do no damage.
You constrict the reaper.
The reaper hits you with a +3 scythe of freezing!!!
* * * LOW HITPOINT WARNING * * *
The reaper freezes you!!
You die...
Your body crumbles into a pile of gold.

§ .§ #..## ## §.
##☼.## #...### #.≈ #.
#.☼§.# ##..#..
#○.#.##.#..# #..#.. ##
.#.§#.#..##.## #§§§§.
#[.#.☼○○°.....#..#
#§§§##
:...............#
#○§### #..####...#...#
##§#.# #...2@....#...#
##....
##○§5.....#...###....#
#§§°#..###☼§°.##....#
##..#.##§°§§°.##...##
#§○#.#.§§○○#..##[.#.
###§.§§§§§###..####.
#.☼§°§☼§§# #...###.
#.§..§.§## ##..#..#
##....§.# ##....#


You could see a reaper and a white imp.

Vanquished Creatures
  Josephine (D:10)
  Erica (D:11)
  A two-headed ogre (D:10)
  Sonja (D:11)
  Pikel (D:5)
  A cyclops (D:11)
  A gargoyle (D:10)
  2 ice statues (IceCv)
  A kobold demonologist (D:11)
  6 ice devils (IceCv)
  A komodo dragon (D:10)
  3 polar bears (D:8)
  3 trolls
  Prince Ribbit (D:6)
  A wyvern (D:9)
  3 wraiths
  14 yaks
  Grum (D:11)
  2 sky beasts
  8 orc warriors
  4 ice beasts
  3 black bears
  A phantom (D:10)
  12 ogres
  4 centaurs
  5 wolves
  3 big kobolds
  9 bullfrogs
  3 gnoll sergeants (D:9)
  2 scorpions
  10 killer bees
  12 wights
  2 electric eels (D:8)
  A howler monkey (D:4)
  2 quasits
  A bullfrog zombie (D:5)
  2 hounds
  5 orc priests
  17 orc wizards
  Jessica (D:2)
  A centaur skeleton (D:7)
  Ijyb (D:4)
  3 iguanas
  7 worker ants
  2 hound skeletons
  10 adders
  5 gnolls
  3 howler monkey skeletons
  3 shadow imps
  A howler monkey simulacrum (D:8)
  13 white imps
  13 ufetubi
  3 oozes
  3 adder skeletons
  2 adder zombies
  5 worms
  A dart slug (D:2)
  4 leopard geckos
  38 orcs
  7 giant cockroaches
  6 hobgoblins
  2 jackals (D:4)
  10 kobolds
  5 quokkas
  6 bats
  6 frilled lizards
  4 goblins
  2 leopard gecko skeletons
  A quokka simulacrum (D:8)
  8 rats
327 creatures vanquished.

Vanquished Creatures (others)
  2 white imps (IceCv)
  An ufetubus (IceCv)
  A bush (D:11)
  2 fungi (D:10)
  A plant (D:10)
7 creatures vanquished.

Grand Total: 334 creatures vanquished

Notes
Turn   | Place    | Note
-------+----------+-------------------------------------------
     0 | D:1      | 112233 the Octopode Fighter began the quest for the Orb.
     0 | D:1      | Reached XP level 1. HP: 16/16 MP: 1/1
   108 | D:2      | Noticed Jessica
   115 | D:2      | Killed Jessica
   116 | D:2      | Reached skill level 1 in Stealth
   116 | D:2      | Reached XP level 2. HP: 21/21 MP: 2/2
   116 | D:2      | Reached XP level 3. HP: 26/26 MP: 3/3
   432 | D:2      | Reached skill level 2 in Stealth
   627 | D:3      | Reached XP level 4. HP: 31/31 MP: 4/4
  1009 | D:4      | Reached XP level 5. HP: 35/37 MP: 5/5
  1056 | D:4      | Reached skill level 3 in Stealth
  1234 | D:4      | Noticed Ijyb
  1243 | D:4      | Killed Ijyb
  1528 | D:5      | Entered Level 5 of the Dungeon
  1528 | D:5      | Noticed a centaur
  1531 | D:5      | Noticed an ogre
  1769 | D:5      | Reached XP level 6. HP: 40/43 MP: 6/6
  1908 | D:5      | Reached skill level 4 in Stealth
  2087 | D:6      | Noticed Prince Ribbit
  2092 | D:6      | Killed Prince Ribbit
  2093 | D:6      | Reached XP level 7. HP: 49/49 MP: 7/7
  2136 | D:6      | Reached skill level 5 in Stealth
  2575 | D:7      | Reached XP level 8. HP: 6/54 MP: 8/8
  3039 | D:6      | Reached skill level 5 in Fighting
  3039 | D:6      | Reached skill level 5 in Dodging
  3039 | D:6      | Reached skill level 5 in Shields
  3235 | D:6      | Found a staircase to the Ecumenical Temple.
  3250 | Temple   | Entered the Ecumenical Temple
  3326 | Temple   | Became a worshipper of Gozag Ym Sagoz the Greedy
  3354 | D:5      | Noticed Pikel
  5209 | D:4      | Found a hazy altar of Hepliaklqana.
  5473 | D:5      | Reached skill level 6 in Stealth
  5563 | D:5      | Killed Pikel
  5564 | D:5      | Reached skill level 5 in Short Blades
  5564 | D:5      | Reached skill level 7 in Stealth
  5565 | D:5      | Reached XP level 9. HP: 10/62 MP: 9/9
  5767 | D:5      | Found Jaczeol's Gadget Shop.
  5892 | D:5      | Found a shimmering blue altar of Sif Muna.
  5925 | D:5      | Identified Sif Muna's Grimoire of the Glacier
  6214 | D:6      | Reached skill level 8 in Stealth
  7364 | D:7      | Reached skill level 9 in Stealth
  7466 | D:9      | Found Uwezaecy's Distillery.
  7523 | D:10     | Entered Level 10 of the Dungeon
  8317 | D:10     | Noticed a gargoyle
  8360 | D:10     | Killed a gargoyle
  8361 | D:10     | Reached skill level 10 in Stealth
  8361 | D:10     | Reached XP level 10. HP: 48/69 MP: 10/10
  8527 | D:9      | Bought a potion of heal wounds for 65 gold pieces
  8527 | D:9      | Bought a potion of heal wounds for 65 gold pieces
  8527 | D:9      | Bought 2 potions of haste for 260 gold pieces
  8527 | D:9      | Bought a potion of might for 52 gold pieces
  9117 | D:9      | Found a staircase to the Orcish Mines.
  9134 | D:9      | Reached skill level 11 in Stealth
  9782 | D:8      | Found Zin's Purification Station.
  9783 | D:8      | Found a glowing silver altar of Zin.
  9797 | D:8      | Bought a potion of curing for 90 gold pieces
 10301 | D:8      | Reached skill level 12 in Stealth
 10413 | D:8      | Reached XP level 11. HP: 73/75 MP: 11/11
 11379 | D:10     | Noticed a two-headed ogre
 11388 | D:10     | Killed a two-headed ogre
 11393 | D:11     | Noticed Grum
 11421 | D:11     | Killed Grum
 11547 | D:11     | Reached skill level 13 in Stealth
 11628 | D:11     | Noticed a cyclops
 11635 | D:11     | Killed a cyclops
 11646 | D:11     | Noticed Erica
 11661 | D:11     | Killed Erica
 12897 | D:11     | Noticed Sonja
 12900 | D:11     | Killed Sonja
 13463 | D:10     | Reached skill level 14 in Stealth
 13470 | D:10     | Noticed Josephine
 13473 | D:10     | Killed Josephine
 13474 | D:10     | Reached XP level 12. HP: 64/84 MP: 8/12
 14530 | D:10     | Found a staircase to the Lair.
 14672 | Lair:1   | Entered Level 1 of the Lair of Beasts
 14673 | Lair:1   | Found a frozen archway.
 14682 | IceCv    | Entered an ice cave
 15444 | IceCv    | HP: 1/85 [ice devil (21)]
 15466 | IceCv    | Got a transparent hat
 15479 | IceCv    | Identified the +2 hat "Icwom" {*Corrode rElec rN+++ MP+9}
                  | (You found it in an ice cave)
 16410 | IceCv    | Reached skill level 15 in Stealth
 16735 | IceCv    | Noticed a reaper
 16765 | IceCv    | Mangled by a reaper

Illustrated notes

Levels and vault maps discovered:
D:1:      onia_arrival_mini_spirals, layout_loops_corners
D:2:      layout_loops_cross, uniq_jessica
D:3:      layout_loops_corners
D:4:      layout_loops_cross, nzn_hepliaklqana_mist_gate, uniq_ijyb
D:5:      layout_gridville, serial_shops, shop, led_sif_book, uniq_pikel
D:6:      layout_loops_cross, temple_fountains, kennysheep_cluttered_room,
          minmay_misc_feat_secret_circle, uniq_prince_ribbit1
D:7:      layout_basic
D:8:      layout_rooms, zin_purify, serial_ice, serial_ice_d, serial_ice_o,
          serial_ice_j, serial_ice_e, serial_ice_b, serial_ice_f,
          supply_closet_lemuel
D:9:      layout_long_grid, kennysheep_orc_monster_closet_entryway,
          serial_shops, shop
D:10:     layout_cave_pools, grunt_lair_entry_orc_guard_hut, uniq_josephine
D:11:     layout_basic, minmay_hedge_maze, corexii_corridor_pit, uniq_sonja,
          uniq_erica, uniq_grum
Temple:   regret_index_temple_chain_breaker
Lair:1:   layout_roguey [special_room_bee], nicolae_volcano_entry_two_sided,
          portal_ice_cave_entry_pillars_1, lemuel_fruit_tree,
          serial_bayou_shore_b, serial_bayou_shore_b, infiniplex_staircase_pool,
          uniq_maggie
IceCv:    ice_cave_small_demon

Skill      XL: |  1  2  3  4  5  6  7  8  9 10 11 12 |
---------------+-------------------------------------+-----
Stealth        | 1 2 3 4 5 7 10 12 14 15 | 15.0
Short Blades   | 3 4 5 6 7 8 |  8.7
Fighting       | 4 5 6 7 8 9 |  9.1
Dodging        | 4 5 6 7 8 9 |  9.0
Shields        | 4 5 6 7 8 9 |  9.0

Action                   |  1- 3 |  4- 6 |  7- 9 | 10-12 || total
-------------------------+-------+-------+-------+-------++-------
Melee: Rapier            |    32 |    48 |       |       ||    80
       Constrict         |    10 |    17 |    50 |    76 ||   153
       Tentacles         |     7 |    23 |    47 |   173 ||   250
       Dagger            |       |    33 |   287 |   617 ||   937
Invok: Potion Petition   |       |       |     1 |     2 ||     3
Evoke: Wand              |       |       |     5 |    19 ||    24
       Condenser vane    |       |       |       |     2 ||     2
  Use: Potion            |       |       |     3 |    12 ||    15
       Scroll            |       |       |       |    11 ||    11
 Stab: Sleeping          |     2 |     5 |    29 |    29 ||    65
       Distracted        |       |     1 |     2 |     9 ||    12
       Paralysed         |       |       |     1 |     1 ||     2
       Confused          |       |       |       |     1 ||     1
Armor: Skin              |     3 |     3 |     7 |     9 ||    22
Dodge: Dodged            |    10 |    38 |    90 |   218 ||   356
Block: Kite shield       |    10 |    31 |    97 |   206 ||   344
